 Dungeon Crawl Stone Soup version 0.28-a0-114-g2bf3c13a2f (webtiles) character file.

Game seed: 18308814329944411925

3787 pokeman the Thaumaturge (level 9, -2/48 HPs)
             Began as a Deep Elf Hedge Wizard on Aug 12, 2021.
             Slain by an unseen horror (9 damage)
             ... on level 8 of the Dungeon.
             The game lasted 00:21:00 (11213 turns).

pokeman the Thaumaturge (Deep Elf Hedge Wizard)    Turns: 11213, Time: 00:21:00

Health: -2/48      AC:  5    Str: 13    XL:     9   Next: 95%
Magic:  14/27      EV: 12    Int: 23    God:
Gold:   378        SH:  0    Dex: 14    Spells: 21/32 levels left

rFire   . . .      SeeInvis .   b - +1 short sword (venom)
rCold   . . .      Faith    .   (no shield)
rNeg    . . .      Spirit   .   r - +0 leather armour
rPois   .          Reflect  .   A - +0 helmet
rElec   .          Harm     .   q - +0 cloak
rCorr   .          Rampage  .   (no gloves)
Will    +....                   (no boots)
Stlth   ++........              (no amulet)
HPRegen 0.16/turn               u - ring of willpower
MPRegen 0.20/turn               z - +6 ring of strength

@: very slightly contaminated
A: no striking features
a: no special abilities


You were on level 8 of the Dungeon.
You visited 2 branches of the dungeon, and saw 9 of its levels.

You collected 378 gold pieces.

Inventory:

Hand Weapons
 b - a +1 short sword of venom (weapon)
 p - a +2 quarterstaff of chaos
 E - a +3 shortbow
Missiles
 f - 97 arrows
 I - a throwing net
Armour
 q - a +0 cloak (worn)
 r - a +0 leather armour (worn)
 A - a +0 helmet (worn)
 C - a +0 tower shield
Magical Staves
 G - a staff of fire
Jewellery
 u - a ring of willpower (left hand)
 z - a +6 ring of strength (right hand)
Wands
 x - a wand of acid (15)
 F - a wand of paralysis (10)
Scrolls
 a - 3 scrolls of noise {unknown}
 e - 3 scrolls of amnesia {unknown}
 h - 4 scrolls of identify {unknown}
 i - 2 scrolls of vulnerability {unknown}
 j - 2 scrolls of immolation {unknown}
 k - 2 scrolls of enchant armour {unknown}
 l - 2 scrolls of teleportation {unknown}
 m - 2 scrolls of fog {unknown}
 o - a scroll of summoning {unknown}
 y - 2 scrolls of magic mapping {unknown}
 H - a scroll of torment {unknown}
 J - a scroll of holy word {unknown}
 K - a scroll of brand weapon {unknown}
Potions
 c - a potion of ambrosia {unknown}
 d - 2 potions of cancellation {unknown}
 g - 4 potions of curing
 n - 2 potions of resistance
 s - 3 potions of attraction {unknown}
 t - 4 potions of lignification {unknown}
 v - a potion of flight {unknown}
 w - a potion of heal wounds {unknown}
 B - 2 potions of haste {unknown}
 D - a potion of might


   Skills:
 - Level 2.0 Fighting
 - Level 4.0 Armour
 - Level 3.0 Dodging
 - Level 3.0 Stealth
 + Level 1.5 Shields
 * Level 12.2 Spellcasting
 + Level 6.9 Conjurations
 - Level 1.1 Summonings
 - Level 1.1 Translocations
 + Level 5.8 Fire Magic
 - Level 1.0 Air Magic
 - Level 2.0 Poison Magic
 - Level 1.1 Evocations


You had 21 spell levels left.
You knew the following spells:

 Your Spells              Type           Power      Damage    Failure   Level
a - Magic Dart            Conj           100%       1d8       1%          1
b - Mephitic Cloud        Conj/Pois/Air  29%        N/A       4%          3
c - Call Imp              Summ           19%        N/A       5%          2
d - Blink                 Tloc           N/A        N/A       5%          2
e - Conjure Flame         Conj/Fire      43%        6-21      1%          3

Your spell library contained the following spells:

 Spells                   Type           Power      Damage    Failure   Level
 Static Discharge         Conj/Air       32%        N/A       1%          2
 Sticky Flame             Conj/Fire      43%        2d6       3%          4
 Slow                     Hex            14%        N/A       9%          2
 Gell's Gravitas          Tloc           9%         N/A       11%         3
 Teleport Other           Tloc           19%        N/A       11%         3
 Dispel Undead            Necr           14%        3d10      50%         4
 Dispersal                Tloc           9%         N/A       99%         6


Dungeon Overview and Level Annotations

Branches:
Dungeon (8/15)             Temple (1/1) D:4
   Lair: D:8-11

Altars:
Ashenzari
Cheibriados
Dithmenos
Elyvilon
Gozag
Hepliaklqana
Kikubaaqudgha
Makhleb
Nemelex Xobeh
Okawaru
Qazlal
Ru
Sif Muna
Uskayaw
Wu Jian
Xom
Zin
The Shining One

Shops:
D:1 [


Message History

The fire begins to smoulder!
The fire ignites!
Casting: Conjure Flame (safe; 1% risk of failure)
Confirm with . or Enter, or press ? or * to list all spells.
Aiming: Mephitic Cloud (dangerous; 4% risk of failure)
Press: ? - help, Shift-Dir - straight line The ball explodes into a vile cloud!
The stinking cloud engulfs something but does no damage.
Unknown command.
Unknown command.
Something hits you. Something hits you. Something hits you.
You hit something. Something hits you! Something hits you.
Something hits you but does no damage.
You barely miss something. Something hits you.
Casting: Mephitic Cloud (dangerous; 4% risk of failure)
Confirm with . or Enter, or press ? or * to list all spells.
You don't know that spell.
Unknown command.
Casting: Mephitic Cloud (dangerous; 4% risk of failure)
Confirm with . or Enter, or press ? or * to list all spells.
You blink.
A wight comes into view.
It is wielding a +0 dagger and carrying a wand of digging (5).
You hit something. Something hits you. x2
* * * LOW HITPOINT WARNING * * *
Something hits you.
* * * LOW HITPOINT WARNING * * *
Casting: Blink (safe; 5% risk of failure)
Confirm with . or Enter, or press ? or * to list all spells.
You miscast Blink.
You are very lightly contaminated with residual magic.
Nothing appears to happen.
Something hits you but does no damage.
Casting: Blink (safe; 5% risk of failure)
Confirm with . or Enter, or press ? or * to list all spells.
You miscast Blink.
Nothing appears to happen.
Something hits you.
* * * LOW HITPOINT WARNING * * *
Something hits you!
You die...

..# ##.....##..#..#
..####.....###.#..#
.. .....#.....#
#.#..# .
.....#.....#
#.#..#.#
.....#.....#
#.#..#.###
.....#.....#
#.........
.....#.....#
#....#.##.
#....#.....# #....#
#....# #.#@.#
#....# #!#..#
#....# ...........#
#....# ...........#
#....#
.............
.....#
....#.#...)z...
...###
###.._.'#.#..##
...# ..#.#........
...# ####.#...#.>..


You could see a wight.

Vanquished Creatures
  A hornet (D:7)
  Sigmund (D:4)
  A steam dragon (D:8)
  4 water moccasins
  An orc warrior (D:7)
  2 sky beasts (D:5)
  A necrophage (D:7)
  An ice beast (D:4)
  2 centaurs
  3 phantoms
  A bullfrog (D:6)
  Blork the orc (D:4)
  2 scorpions
  A gnoll sergeant (D:7)
  A water moccasin zombie (D:7)
  A wyvern skeleton (D:5)
  6 killer bees
  3 centaur zombies
  A hound (D:7)
  A centaur skeleton (D:7)
  2 orc priests (D:7)
  3 iguanas
  6 orc wizards
  A killer bee zombie (D:5)
  A howler monkey zombie (D:6)
  A howler monkey skeleton (D:4)
  5 gnolls (D:7)
  11 adders
  A shadow imp (D:6)
  2 white imps
  5 worms
  3 dart slugs
  16 orcs
  8 ball pythons
  4 bats (D:1)
  7 endoplasms
  4 giant cockroaches
  5 goblins
  6 hobgoblins
  3 jackals (D:2)
  9 kobolds
  4 quokkas
  6 frilled lizards
  4 rats
152 creatures vanquished.

Vanquished Creatures (collateral kills)
  A two-headed ogre (D:8)
  An iguana (D:3)
  Crazy Yiuf (D:2)
  An adder (D:2)
  A dart slug (D:2)
  4 orcs (D:3)
  A bat (D:2)
  2 jackals (D:2)
  A rat (D:2)
13 creatures vanquished.

Vanquished Creatures (others)
  8 fungi (D:7)
8 creatures vanquished.

Grand Total: 173 creatures vanquished

Notes
Turn   | Place    | Note
-------+----------+-------------------------------------------
     0 | D:1      | pokeman the Deep Elf Hedge Wizard began the quest for the
                  | Orb.
     0 | D:1      | Reached XP level 1. HP: 10/10 MP: 7/7
   320 | D:1      | Reached XP level 2. HP: 16/16 MP: 5/9
   600 | D:1      | Found Qaov's Antique Armour Boutique.
   829 | D:1      | Reached skill level 5 in Spellcasting
   891 | D:1      | Found a faded altar of an unknown god.
   945 | D:1      | Reached XP level 3. HP: 20/20 MP: 8/11
   949 | D:1      | Learned a level 3 spell: Mephitic Cloud
   952 | D:1      | Learned a level 2 spell: Call Imp
   955 | D:1      | Learned a level 2 spell: Blink
   959 | D:1      | Learned a level 3 spell: Conjure Flame
  1612 | D:2      | Reached skill level 1 in Armour
  1848 | D:2      | Reached skill level 1 in Fighting
  1853 | D:2      | Reached XP level 4. HP: 21/25 MP: 1/13
  2274 | D:2      | Found a runed translucent door.
  2275 | D:2      | Noticed Crazy Yiuf
  2399 | D:2      | Killed Crazy Yiuf
  2523 | D:3      | Found a hide-covered altar of Uskayaw.
  2548 | D:3      | Reached skill level 1 in Fire Magic
  2844 | D:3      | Reached skill level 6 in Spellcasting
  2844 | D:3      | Reached XP level 5. HP: 26/29 MP: 5/15
  4050 | D:4      | Noticed an ice beast
  4353 | D:4      | Reached skill level 1 in Air Magic
  4533 | D:4      | Reached XP level 6. HP: 34/34 MP: 8/17
  4533 | D:4      | Noticed Sigmund
  4549 | D:4      | Killed Sigmund
  4550 | D:4      | Reached skill level 7 in Spellcasting
  4550 | D:4      | Reached skill level 1 in Poison Magic
  4676 | D:4      | Found a staircase to the Ecumenical Temple.
  4692 | Temple   | Entered the Ecumenical Temple
  5010 | D:4      | Noticed Blork the orc
  5232 | D:4      | Killed an ice beast
  5233 | D:4      | Reached XP level 7. HP: 39/39 MP: 5/20
  5460 | D:4      | Found a glowing golden altar of the Shining One.
  5461 | D:4      | Found a white marble altar of Elyvilon.
  5462 | D:4      | Found a glowing silver altar of Zin.
  5543 | D:4      | Killed Blork the orc
  5838 | D:5      | Entered Level 5 of the Dungeon
  6207 | D:5      | Reached skill level 8 in Spellcasting
  6234 | D:5      | Reached skill level 1 in Evocations
  7009 | D:5      | Reached XP level 8. HP: 44/44 MP: 16/22
  7096 | D:5      | Reached skill level 9 in Spellcasting
  7632 | D:6      | Found an opulent altar of Gozag.
  7721 | D:6      | Found a sparkling altar of Nemelex Xobeh.
  8102 | D:6      | Reached skill level 5 in Conjurations
  8453 | D:6      | Reached skill level 10 in Spellcasting
  8623 | D:7      | Found a sacrificial altar of Ru.
  8640 | D:6      | HP: 2/44 [poisoned by a killer bee]
  9055 | D:7      | Noticed a hornet
  9086 | D:7      | Killed a hornet
  9087 | D:7      | Reached XP level 9. HP: 24/48 MP: 8/25
  9637 | D:7      | Reached skill level 11 in Spellcasting
  9799 | D:7      | Found an iron altar of Okawaru.
 10009 | D:7      | Reached skill level 5 in Fire Magic
 10874 | D:8      | Noticed a two-headed ogre
 10887 | D:8      | Killed a two-headed ogre
 10888 | D:8      | Reached skill level 1 in Shields
 10888 | D:8      | Reached skill level 12 in Spellcasting
 11173 | D:8      | Found a broken altar of Ashenzari.
 11213 | D:8      | Slain by an unseen horror

Illustrated notes

Levels and vault maps discovered:
D:1:      dpeg_arrival_solitude, layout_basic, serial_shops, shop,
          hellmonk_ecumenical_altar_crossroads
D:2:      layout_rooms, uniq_crazy_yiuf_cottage
D:3:      layout_loops_ring, nicolae_overflow_hidden_temple
D:4:      layout_basic, good_gods_temple_1, minmay_temple_entry_offerings,
          uniq_sigmund, uniq_blork_the_orc
D:5:      layout_loops_ring
D:6:      layout_loops_corners, lemuel_coloured_pillars_altar,
          nicolae_gozag_cash_rules_everything_around_me
D:7:      layout_loops_ring, mainiacjoe_overflow_boulevard,
          nicolae_overflow_crystal_walls
D:8:      layout_basic, ashenzari_altar_1
Temple:   jpeg_temple_island

Skill      XL: |  1  2  3  4  5  6  7  8  9 |
---------------+----------------------------+-----
Spellcasting   | 5 6 7 8 10 12 | 12.2
Armour         | 1 2 3 4 |  4.0
Conjurations   | 2 3 4 5 6 |  6.9
Fighting       | 1 2 |  2.0
Fire Magic     | 1 2 4 5 |  5.8
Dodging        | 3 |  3.0
Stealth        | 3 |  3.0
Air Magic      | 1 |  1.0
Poison Magic   | 2 |  2.0
Evocations     | 1 |  1.1
Shields        | 1 |  1.5
Summonings     | |  1.1
Translocations | |  1.1

Action                   |  1- 3 |  4- 6 |  7- 9 || total
-------------------------+-------+-------+-------++-------
Melee: Falchion          |     7 |    10 |       ||    17
       Short sword       |       |    22 |   112 ||   134
 Cast: Magic Dart        |   107 |   143 |   147 ||   397
       Call Imp          |     2 |     4 |     4 ||    10
       Mephitic Cloud    |       |     9 |    28 ||    37
       Conjure Flame     |       |     5 |    30 ||    35
       Blink             |       |       |     6 ||     6
  Use: Potion            |       |       |     1 ||     1
 Stab: Confused          |       |     2 |     6 ||     8
       Paralysed         |       |       |     1 ||     1
Armor: Robe              |     6 |     1 |       ||     7
       Leather armour    |       |     3 |    47 ||    50
Dodge: Dodged            |    19 |    25 |    79 ||   123
       Rpst.: Falchion   |     7 |     7 |       ||    14

Table legend: (Time is in decaauts)
 A = Elapsed time spent in this place.
 B = Non-inter-level travel time spent in this place.
 C = Inter-level travel time spent in this place.
 D = Time resting spent in this place.
 E = Time spent auto-exploring this place.
 F = Levels seen in this place.
 G = Mean time per level.
                   A        B        C        D        E       F      G
               +--------+--------+--------+--------+--------+-----+--------+
         Total |  11279 |  10936 |    343 |   1214 |   8381 |   9 | 1253.2 |
       Dungeon |  10993 |  10668 |    325 |   1214 |   8115 |   8 | 1374.1 |
        Temple |    286 |    268 |     18 |      0 |    266 |   1 |  286.0 |
               +--------+--------+--------+--------+--------+-----+--------+

Top non-repeatable levels by time:
     D:4: 1770 daAuts
     D:3: 1638 daAuts
     D:7: 1614 daAuts
     D:1: 1577 daAuts
     D:6: 1439 daAuts
     D:5: 1429 daAuts
     D:2: 898 daAuts
     D:8: 624 daAuts
  Temple: 286 daAuts
